AoeStats
← AiM | XiøFabrY

Arabia

510901221Analyzed
4v4 RM · 17h ago on Oct 3, 2026· 45m 38s· 8 players
Game mode
Random Map
Map size
Large (8 player)
Population
200
Speed
Normal
Resources
Standard
Victory
Conquest
Starting age
Dark Age
Ending age
Imperial Age
RankedLock teamsTeams togetherTeam positionsShared explorationLock speedFull tech treeHidden civsTurbo modeCheats
Victory
Defeat
🇧🇷 Ethiopians · Brazil
1254
+15
🇨🇱 Khitans · Chile
1250
+15
🇵🇪 Magyars · Peru
1238
+15
🇭🇰 Britons · Hong Kong SAR China
1230
+16
🇺🇸 Ethiopians · United States
1311
-18
🇺🇸 Varangians · United States
1293
-18
🇺🇸 Poles · United States
1292
-18
🇺🇸 Persians · United States
995
-23
Rickipedia
7:43 Loom
9:35 Feudal Age
11:47 Double-Bit Axe
12:33 Bloodlines
16:52 Scale Barding Armor
20:08 Forging
26:19 Castle Age
24:42 Horse Collar
26:21 Wheelbarrow
27:19 Chain Barding Armor
26:21 Light Cavalry
27:03 Husbandry
ewli20192020
4:27 Loom
13:05 Feudal Age
33:39 Castle Age
37:47 Husbandry
mrkcira
10:40 Feudal Age
10:22 Loom
16:00 Castle Age
15:32 Double-Bit Axe
15:29 Horse Collar
20:51 Scale Barding Armor
23:37 Stone Mining
23:58 Heavy Plow
24:24 Stone Mining
25:51 Bow Saw
28:46 Szlachta Privileges
29:10 Bloodlines
29:01 Husbandry
29:24 Chain Barding Armor
29:36 Light Cavalry
33:55 Imperial Age
32:05 Wheelbarrow
31:15 Town Watch
33:16 Forging
34:16 Cavalier
36:04 Crop Rotation
39:13 Iron Casting
39:14 Winged Hussar
43:42 Fletching
44:55 Blast Furnace
43:46 Fletching
[LHS] | yinzerito
1:39 Loom
10:43 Feudal Age
11:21 Double-Bit Axe
14:01 Padded Archer Armor
16:34 Fletching
25:36 Castle Age
23:28 Horse Collar
23:57 Gold Mining
32:29 Wheelbarrow
35:28 Bow Saw
35:22 Heavy Plow
35:44 Scale Mail Armor
[MassA]Azrael
6:38 Loom
8:40 Feudal Age
11:17 Fletching
13:03 Double-Bit Axe
20:30 Padded Archer Armor
24:14 Castle Age
22:21 Gold Mining
24:18 Crossbowman
24:55 Bodkin Arrow
26:14 Leather Archer Armor
27:28 Bow Saw
29:01 Ballistics
32:36 Stone Mining
40:02 Imperial Age
37:27 Horse Collar
40:04 Town Watch
40:55 Wheelbarrow
40:28 Arbalester
41:48 Bracer
43:59 Ring Archer Armor
44:01 Capped Ram
AiM | XiøFabrY
4:03 Loom
10:34 Feudal Age
11:18 Double-Bit Axe
15:26 Forging
16:12 Wheelbarrow
17:22 Domestication
19:27 Scale Barding Armor
24:02 Castle Age
22:59 Gold Mining
23:01 Stone Mining
23:19 Scale Mail Armor
24:51 Husbandry
25:21 Bow Saw
25:58 Iron Casting
24:51 Light Cavalry
26:08 Town Watch
28:20 Chain Barding Armor
31:34 Hand Cart
36:00 Imperial Age
33:55 Ballistics
33:37 Town Patrol
35:20 Pastoralism
35:08 Pikeman
36:47 Chain Mail Armor
37:06 Conscription
36:49 Heavy Camel Rider
39:22 Chemistry
39:19 Plate Barding Armor
39:38 Ordo Cavalry
40:56 Hussar
41:36 Fletching
42:16 Plate Mail Armor
41:48 Padded Archer Armor
43:10 Stone Shaft Mining
43:09 Elite Liao Dao
小兵兵兵
5:12 Loom
9:14 Feudal Age
12:10 Fletching
14:51 Double-Bit Axe
15:24 Horse Collar
17:01 Padded Archer Armor
17:13 Man-at-Arms
18:13 Man-at-Arms
24:12 Castle Age
22:50 Gold Mining
24:24 Man-at-Arms
25:03 Bodkin Arrow
25:05 Crossbowman
27:10 Leather Archer Armor
27:55 Ballistics
27:52 Town Watch
28:47 Bow Saw
31:05 Wheelbarrow
35:24 Gold Shaft Mining
34:39 Stone Mining
37:45 Imperial Age
38:03 Hand Cart
38:28 Bracer
39:30 Chemistry
37:59 Arbalester
40:11 Guilds
40:03 Scale Mail Armor
40:18 Leather Archer Armor
40:13 Forging
40:05 Squires
40:30 Heavy Plow
42:22 Yeomen
42:22 Conscription
43:18 Pikeman
44:16 Chain Mail Armor
44:31 Ring Archer Armor
44:42 Ring Archer Armor
44:48 Iron Casting
43:41 Man-at-Arms
M@nquito 2.0
9:34 Feudal Age
14:12 Double-Bit Axe
19:21 Loom
21:37 Castle Age
21:00 Scale Barding Armor
21:37 Bloodlines
22:16 Light Cavalry
24:00 Wheelbarrow
23:43 Husbandry
24:05 Chain Barding Armor
30:55 Bow Saw
32:01 Gold Mining
34:18 Hand Cart
42:42 Imperial Age
42:54 Cavalier
44:22 Gold Shaft Mining
44:28 Paladin
Connection lost

Rejoining the realm…

Still unreachable

The connection could not be restored.

Session expired

The server has moved on; the page needs a fresh start.